 Dungeon Crawl Stone Soup version 0.29.1-1-gd02db6906a (webtiles) character file.

Game seed: 857236167759514426

35 xian the Vexing (level 3, -6/28 HPs)
             Began as a Draconian Arcane Marksman on Oct 2, 2022.
             Was a Follower of Qazlal.
             Mangled by a worm (8 damage)
             ... on level 1 of the Dungeon.
             The game lasted 00:02:21 (1661 turns).

xian the Vexing (Draconian Arcane Marksman)         Turns: 1661, Time: 00:02:23

Health: -6/28      AC:  5    Str: 13    XL:     3   Next: 16%
Magic:  4/4        EV: 12    Int: 12    God:    Qazlal [*.....]
Gold:   57         SH:  1    Dex: 15    Spells: 3/4 levels left

rFire   + . .      SeeInvis .   e - +0 dagger
rCold   + . .      Faith    .   (no shield)
rNeg    . . .      Spirit   .   (body armour unavailable)
rPois   +          Reflect  .   (helmet restricted)
rElec   +          Harm     .   (no cloak)
rCorr   +          Rampage  .   (no gloves)
Will    .....      Clarity  +   (no boots)
Stlth   +.........              (no amulet)
HPRegen 0.09/turn               (no ring)
MPRegen 0.09/turn               (no ring)

@: resistant, unable to read
A: AC +5, unfitting armour, cold-blooded, agile 1, clarity, inability to read
after injury 1, MP-powered wands
a: Renounce Religion


You were on level 1 of the Dungeon.
You worshipped Qazlal.
Qazlal was aware of your devotion.
You visited 1 branch of the dungeon, and saw 2 of its levels.

You collected 57 gold pieces.

Inventory:

Hand Weapons
 a - a +1 sling
 e - a +0 dagger (weapon)
Jewellery
 d - an amulet of the acrobat
Scrolls
 f - 2 scrolls of teleportation {unknown}
 h - 2 scrolls of identify {unknown}


   Skills:
 + Level 1.2 Fighting
 + Level 2.5 Ranged Weapons
 + Level 2.2 Dodging
 + Level 1.0 Spellcasting
 + Level 3.1 Hexes


You had 3 spell levels left.
You knew the following spells:

 Your Spells              Type           Power      Damage    Failure   Level
a - Slow                  Hex            32%        N/A       9%          1

Your spell library contained the following spells:

 Spells                   Type           Power      Damage    Failure   Level
 Inner Flame              Hex/Fire       4%         N/A       43%         3
 Portal Projectile        Hex/Tloc       8%         N/A       43%         3
 Cause Fear               Hex            4%         N/A       63%         4


Dungeon Overview and Level Annotations

Branches:
Dungeon (2/15)

Altars:
Qazlal


Innate Abilities, Weirdness & Mutations

Your plain brown scales are hard. (AC +5)
You cannot fit into any form of body armour.
You are cold-blooded and may be slowed by cold attacks.
You are agile. (Dex +4, Str/Int -1)
You possess an exceptional clarity of mind.
You occasionally lose the ability to read scrolls when taking damage.
You expend magic power (3 MP) to strengthen your wands.


Message History

You block the giant cockroach's attack.
The air fills with toxic fumes!
As you read the scroll of poison, it crumbles to dust.
The kobold hits you with a +0 short sword.
* * * LOW HITPOINT WARNING * * *
The worm barely misses you. The giant cockroach bites you.
* * * LOW HITPOINT WARNING * * *
Unknown command.
You hit the kobold but do no damage. You tail-slap the kobold.
The kobold is heavily wounded.
The kobold barely misses you. The giant cockroach barely misses you.
The worm closely misses you.
You hit the kobold.
You kill the kobold!
Qazlal accepts your kill. The giant cockroach closely misses you.
You hit the worm but do no damage.
The worm is heavily wounded.
The giant cockroach barely misses you. The worm closely misses you.
You hit the worm.
You tail-slap the worm, but do no damage.
The worm is heavily wounded.
The giant cockroach closely misses you. The giant cockroach barely misses you.
You hit the worm.
The worm is severely wounded.
The worm misses you.
The giant cockroach bites you but does no damage.
You hit the worm but do no damage.
Your tail-slap misses the worm.
The worm is severely wounded.
The giant cockroach misses you. The worm bites you but does no damage.
You barely miss the worm.
The worm is severely wounded.
The giant cockroach barely misses you.
You completely miss the worm.
The worm is severely wounded.
The giant cockroach bites you.
* * * LOW HITPOINT WARNING * * *
The worm bites you!
You feel threatened and lose the ability to read scrolls!
You die...

.# #...# ##...## ######
.# ###...#### ##'##
#..... .# #......○§# #.#
#.###~ .# #.##.###§# #.#
#.~≈≈≈ .# #.##.# #§#
##.## #.~≈≈≈ .#
#.##.###○###...## ##~~≈≈≈
.#
#.##...§§##.....###≈≈≈≈##
##
#.######B###...#...≈≈≈≈#.
#.######@# ##.##.##≈≈≈≈#.
#§○§§○☼w)####.##.##≈≈≈≈#.
########☼○.......##≈≈≈≈##
######.######≈≈≈## #.#
##≈≈≈. ######### #.#
#≈~#. #.......# #.# ###..
#.#####.# #.########...
###########.#
#.###............


You could see a worm and a giant cockroach.

Vanquished Creatures
  3 dart slugs (D:1)
  5 ball pythons (D:1)
  3 bats (D:1)
  4 endoplasms (D:1)
  2 giant cockroaches (D:1)
  A goblin (D:1)
  A hobgoblin (D:1)
  2 kobolds
  2 quokkas (D:1)
  A frilled lizard (D:1)
  2 rats (D:1)
26 creatures vanquished.

Notes
Turn   | Place    | Note
-------+----------+-------------------------------------------
     0 | D:1      | xian the Draconian Arcane Marksman began the quest for the
                  | Orb.
     0 | D:1      | Reached XP level 1. HP: 16/16 MP: 2/2
   309 | D:1      | Reached skill level 3 in Hexes
   347 | D:1      | Reached XP level 2. HP: 23/23 MP: 3/3
   420 | D:1      | Found a faded altar of an unknown god.
  1046 | D:1      | Reached XP level 3. HP: 23/28 MP: 4/4
  1601 | D:1      | Prayed at the altar of an unknown god.
  1601 | D:1      | Became a worshipper of Qazlal Stormbringer
  1601 | D:1      | Reached * piety under Qazlal
  1652 | D:1      | Gained mutation: You expend magic power (3 MP) to
                  | strengthen your wands. [potion of mutation]
  1652 | D:1      | Gained mutation: You are agile. (Dex +4, Str/Int -1)
                  | [potion of mutation]
  1652 | D:1      | Gained mutation: You occasionally lose the ability to read
                  | scrolls when taking damage. [potion of mutation]
  1652 | D:1      | Gained mutation: You possess an exceptional clarity of
                  | mind. [potion of mutation]
  1661 | D:1      | Mangled by a worm

Illustrated notes

Levels and vault maps discovered:
D:1:      amcnicky_arrival_gap_in_the_tavern_cellar, layout_loops_corners,
          nicolae_ecumenical_lake_church, minmay_pentomino_u2
D:2:      wad_river_or_something, layout_basic, roderic_serpentine_path

Skill      XL: |  1  2 |
---------------+-------+-----
Dodging        | 2 |  2.2
Hexes          | 3 |  3.1
Ranged Weapons | 2 |  2.5
Fighting       | |  1.2
Spellcasting   | |  1.0

Action                   || total
-------------------------++-------
Melee: Dagger            ||     8
       Tailslap          ||     2
 Fire: Sling             ||    87
  Use: Potion            ||     3
       Scroll            ||     1
Armor: Skin              ||    14
Dodge: Dodged            ||    52
Block: Other             ||     2
